General information
- name: BNet
- type: Ladder team game (AT/RT)
- host: Battle.net
- saver:
map: DragonFalls
- players: 8
- length: 51:00
- speed: Fast
- version: 1.26 W3XP
- replay type: Public
» download(270 KB)
Players
team 1 (winner)

»
XxWizardFacexX (
yellow | 48 APM | 1454 actions | 30:34)
4 Keeper of the Grove
2 Entangling Roots
2 Thorns Aura
3 Priestess of the Moon
1 Scout
2 Trueshot Aura
» actions
| Assign group hotkey | 29 | |
| Basic commands | 1 | |
| Build / train | 88 | |
| Enter build submenu | 24 | |
| Enter hero's abilities submenu | 7 | |
| Give item / drop item | 2 | |
| Remove unit from queue | 1 | |
| Right click | 638 | |
| Select / deselect | 216 | |
| Select group hotkey | 369 | |
| Use ability | 79 | |
1454 total
» units
| Wisp | 31 | |
| Archer | 2 | |
| Chimaera | 3 | |
| Hippogryph | 4 | |
| Green Dragon | 1 | |
| Dryad | 9 | |
| Druid of the Claw | 2 | |
52 total
» upgrades
| Strength of the Wild | 3 | |
| Reinforced Hides | 4 | |
| Corrosive Breath | 2 | |
| Nature's Blessing | 1 | |
| Well Spring | 1 | |
| Ultravision | 1 | |
| Abolish Magic | 1 | |
| Druid of the Claw Training | 2 | |
| Mark of the Claw | 1 | |
16 total
» buildings
| Moon Well | 8 | |
| Altar of Elders | 1 | |
| Ancient of War | 1 | |
| Hunter's Hall | 1 | |
| Ancient Protector | 8 | |
| Tree of Ages | 1 | |
| Tree of Eternity | 1 | |
| Ancient of Wonders | 1 | |
| Ancient of Wind | 1 | |
| Tree of Life | 1 | |
| Chimaera Roost | 2 | |
| Ancient of Lore | 3 | |
29 total
» build order
00:23 Moon Well
00:36 Altar of Elders
01:16 Ancient of War
01:49 Moon Well
02:51 Moon Well
03:18 Hunter's Hall
04:23 Ancient Protector
04:24 Ancient Protector
04:32 Ancient Protector
04:36 Ancient Protector
04:42 Ancient Protector
04:47 Ancient Protector
05:00 Ancient Protector
05:27 Ancient Protector
05:50 Tree of Ages
08:12 Tree of Eternity
08:21 Ancient of Wonders
08:30 Ancient of Wind
09:01 Moon Well
09:03 Moon Well
10:37 Tree of Life
11:04 Chimaera Roost
11:05 Chimaera Roost
15:27 Moon Well
18:28 Ancient of Lore
18:29 Ancient of Lore
21:23 Ancient of Lore
27:39 Moon Well
27:40 Moon Well
» items
| Orb of Lightning | 1 | |
| Scroll of Town Portal | 2 | |
| Healing Salve | 1 | |
| Periapt of Vitality | 1 | |
| Boots of Speed | 1 | |
6 total

»
MASS_BATS (
purple | 51 APM | 2602 actions | 51:00)
7 Blademaster
3 Wind Walk
3 Critical Strike
1 Bladestorm
» actions
| Assign group hotkey | 131 | |
| Basic commands | 97 | |
| Build / train | 98 | |
| ESC pressed | 3 | |
| Enter build submenu | 89 | |
| Enter hero's abilities submenu | 7 | |
| Give item / drop item | 5 | |
| Right click | 1043 | |
| Select / deselect | 290 | |
| Select group hotkey | 566 | |
| Use ability | 273 | |
2602 total
» units
| Peon | 26 | |
| Troll Batrider | 21 | |
| Goblin Zeppelin | 1 | |
| Goblin Shredder | 1 | |
| Raider | 3 | |
52 total
» upgrades
| Ranged Weapons | 3 | |
| Armor | 3 | |
| Liquid Fire | 1 | |
| Reinforced Defenses | 1 | |
| Spiked Barricades | 2 | |
| Ensnare | 1 | |
| Melee Weapons | 2 | |
13 total
» buildings
| Orc Burrow | 9 | |
| Altar of Storms | 1 | |
| Barracks | 1 | |
| War Mill | 2 | |
| Voodoo Lounge | 2 | |
| Stronghold | 1 | |
| Great Hall | 2 | |
| Beastiary | 3 | |
| Watch Tower | 69 | |
| Fortress | 1 | |
91 total
» build order
00:20 Orc Burrow
00:36 Altar of Storms
00:52 Barracks
01:24 War Mill
01:33 Voodoo Lounge
01:44 Voodoo Lounge
02:02 Orc Burrow
02:52 Stronghold
02:57 Orc Burrow
04:03 Great Hall
04:37 Orc Burrow
05:32 Beastiary
05:33 Beastiary
05:34 Beastiary
06:09 Watch Tower
06:09 Watch Tower
07:12 Fortress
07:58 Watch Tower
08:01 Watch Tower
14:59 Watch Tower
14:59 Watch Tower
15:00 Watch Tower
15:00 Watch Tower
15:45 Orc Burrow
18:04 Watch Tower
19:40 Watch Tower
19:42 Watch Tower
19:42 Watch Tower
22:22 Orc Burrow
22:23 Orc Burrow
22:52 Watch Tower
22:52 Watch Tower
22:52 Watch Tower
22:53 Watch Tower
22:53 Watch Tower
23:59 Watch Tower
24:00 Watch Tower
24:01 Watch Tower
24:02 Watch Tower
24:06 Watch Tower
24:22 Orc Burrow
24:24 Orc Burrow
24:41 War Mill
24:45 Watch Tower
25:26 Watch Tower
25:30 Watch Tower
25:32 Watch Tower
25:32 Watch Tower
25:48 Watch Tower
26:08 Watch Tower
27:21 Watch Tower
27:23 Watch Tower
27:23 Watch Tower
27:47 Watch Tower
27:50 Watch Tower
27:55 Watch Tower
28:30 Watch Tower
28:39 Watch Tower
28:40 Watch Tower
28:43 Watch Tower
28:47 Watch Tower
29:06 Watch Tower
29:14 Watch Tower
30:10 Watch Tower
30:12 Watch Tower
30:15 Watch Tower
30:17 Watch Tower
30:20 Watch Tower
30:23 Watch Tower
31:09 Watch Tower
31:10 Watch Tower
31:52 Watch Tower
31:54 Watch Tower
31:57 Watch Tower
31:58 Watch Tower
31:58 Watch Tower
31:58 Watch Tower
32:14 Watch Tower
32:17 Watch Tower
33:12 Watch Tower
33:13 Watch Tower
33:15 Watch Tower
33:16 Watch Tower
33:19 Watch Tower
34:32 Watch Tower
37:21 Watch Tower
37:24 Watch Tower
37:31 Great Hall
39:43 Watch Tower
39:44 Watch Tower
42:18 Watch Tower
» items
| Healing Salve | 3 | |
| Lesser Clarity Potion | 5 | |
| Potion of Healing | 4 | |
| Potion of Mana | 4 | |
| Orb of Lightning | 1 | |
| Tiny Great Hall | 2 | |
| Circlet of Nobility | 1 | |
| Staff of Teleportation | 1 | |
| Potion of Lesser Invulnerability | 1 | |
| Scroll of Town Portal | 1 | |
23 total
turncoat-is-rod (
red | 62 APM | 3121 actions | 50:10)
5 Blademaster
3 Wind Walk
2 Critical Strike
5 Shadow Hunter
2 Hex
3 Healing Wave
» actions
| Assign group hotkey | 39 | |
| Basic commands | 92 | |
| Build / train | 74 | |
| Enter build submenu | 35 | |
| Enter hero's abilities submenu | 10 | |
| Give item / drop item | 6 | |
| Right click | 1318 | |
| Select / deselect | 344 | |
| Select group hotkey | 1014 | |
| Use ability | 189 | |
3121 total
» units
| Peon | 15 | |
| Grunt | 4 | |
| Wind Rider | 4 | |
| Goblin Shredder | 1 | |
| Goblin Zeppelin | 1 | |
| Raider | 5 | |
30 total
» upgrades
| Ranged Weapons | 3 | |
| Armor | 3 | |
| Envenomed Spears | 1 | |
| Reinforced Defenses | 1 | |
| Ensnare | 1 | |
| Melee Weapons | 1 | |
10 total
» buildings
| Altar of Storms | 1 | |
| Orc Burrow | 10 | |
| Barracks | 1 | |
| Voodoo Lounge | 2 | |
| Stronghold | 2 | |
| War Mill | 3 | |
| Beastiary | 7 | |
| Fortress | 2 | |
| Watch Tower | 28 | |
| Great Hall | 5 | |
| Ancient Protector | 2 | |
63 total
» build order
00:09 Altar of Storms
00:18 Orc Burrow
00:37 Barracks
01:23 Orc Burrow
01:56 Voodoo Lounge
03:04 Stronghold
04:05 War Mill
04:26 Orc Burrow
04:54 Orc Burrow
05:55 Beastiary
06:02 Beastiary
09:05 Fortress
09:57 Watch Tower
09:58 Watch Tower
10:00 Watch Tower
10:00 Watch Tower
11:49 War Mill
13:24 Orc Burrow
13:24 Orc Burrow
13:25 Orc Burrow
15:49 Beastiary
18:30 Watch Tower
18:30 Watch Tower
18:31 Watch Tower
18:31 Watch Tower
18:32 Watch Tower
18:32 Watch Tower
19:03 Watch Tower
19:03 Watch Tower
20:15 Watch Tower
20:15 Watch Tower
20:16 Watch Tower
21:32 Great Hall
21:34 Watch Tower
21:34 Watch Tower
21:34 Watch Tower
21:35 Watch Tower
21:36 Watch Tower
25:27 Great Hall
26:25 Watch Tower
26:25 Watch Tower
26:25 Watch Tower
26:46 Watch Tower
27:33 Watch Tower
27:40 Watch Tower
27:47 Watch Tower
27:57 Watch Tower
29:29 Great Hall
32:00 Stronghold
32:02 Beastiary
32:04 Beastiary
32:05 Beastiary
33:34 Orc Burrow
33:34 Orc Burrow
33:36 Orc Burrow
34:27 Ancient Protector
34:27 Ancient Protector
35:30 Voodoo Lounge
36:06 Great Hall
36:32 War Mill
36:49 Great Hall
» items
| Healing Salve | 7 | |
| Scroll of Town Portal | 5 | |
| Orb of Lightning | 1 | |
| Lesser Clarity Potion | 1 | |
| Potion of Mana | 1 | |
| Scroll of Healing | 2 | |
17 total

»
0-5000 (
teal | 19 APM | 946 actions | 51:00)
2 Death Knight
1 Unholy Aura
1 Death Coil
2 Crypt Lord
1 Impale
1 Carrion Beetles
» actions
| Basic commands | 5 | |
| Build / train | 64 | |
| Enter build submenu | 29 | |
| Enter hero's abilities submenu | 4 | |
| Remove unit from queue | 4 | |
| Right click | 430 | |
| Select / deselect | 368 | |
| Use ability | 42 | |
946 total
» units
| Acolyte | 21 | |
| Ghoul | 12 | |
| Crypt Fiend | 6 | |
| Obsidian Statue | 1 | |
| Frost Wyrm | 5 | |
45 total
» upgrades
| Web | 1 | |
| Creature Attack | 3 | |
| Freezing Breath | 1 | |
5 total
» buildings
| Ziggurat | 8 | |
| Crypt | 1 | |
| Altar of Darkness | 1 | |
| Graveyard | 2 | |
| Halls of the Dead | 1 | |
| Sacrificial Pit | 1 | |
| Black Citadel | 1 | |
| Tomb of Relics | 1 | |
| Spirit Tower | 2 | |
| Slaughterhouse | 1 | |
| Boneyard | 2 | |
21 total
» build order
00:08 Ziggurat
00:11 Crypt
00:41 Altar of Darkness
01:11 Graveyard
01:34 Ziggurat
02:49 Halls of the Dead
05:50 Ziggurat
06:43 Sacrificial Pit
06:50 Black Citadel
07:08 Tomb of Relics
07:10 Spirit Tower
07:12 Spirit Tower
08:12 Slaughterhouse
08:53 Ziggurat
09:30 Ziggurat
10:01 Boneyard
10:12 Boneyard
19:45 Ziggurat
22:03 Ziggurat
26:25 Graveyard
29:53 Ziggurat
team 2 (loser)
olympicman (
green | 23 APM | 1193 actions | 51:00)
7 Mountain King
3 Storm Bolt
3 Thunder Clap
1 Avatar
6 Paladin
1 Divine Shield
1 Holy Light
3 Devotion Aura
1 Resurrection
» actions
| Assign group hotkey | 7 | |
| Basic commands | 6 | |
| Build / train | 66 | |
| Enter build submenu | 27 | |
| Enter hero's abilities submenu | 13 | |
| Give item / drop item | 4 | |
| Right click | 438 | |
| Select / deselect | 308 | |
| Select group hotkey | 248 | |
| Use ability | 76 | |
1193 total
» units
» upgrades
| Gunpowder | 4 | |
| Armor | 3 | |
| Long Rifles | 1 | |
| Masonry | 2 | |
| Lumber Harvesting | 2 | |
12 total
» buildings
| Farm | 12 | |
| Altar of Kings | 1 | |
| Barracks | 2 | |
| Blacksmith | 1 | |
| Lumber Mill | 2 | |
| Keep | 1 | |
| Castle | 1 | |
| Town Hall | 2 | |
| Scout Tower | 6 | |
| Guard Tower | 3 | |
31 total
» build order
00:31 Farm
00:54 Altar of Kings
01:12 Barracks
01:22 Blacksmith
02:08 Barracks
02:21 Lumber Mill
02:42 Farm
02:55 Farm
03:49 Farm
03:51 Farm
04:29 Farm
04:32 Farm
06:11 Keep
09:19 Farm
09:21 Farm
10:33 Castle
11:33 Town Hall
12:54 Farm
12:56 Farm
14:12 Scout Tower
14:18 Scout Tower
14:21 Scout Tower
14:58 Guard Tower
15:07 Lumber Mill
15:52 Scout Tower
15:55 Scout Tower
16:13 Scout Tower
16:31 Guard Tower
17:01 Guard Tower
18:55 Farm
24:01 Town Hall
» items
| Potion of Healing | 2 | |
| Scroll of Regeneration | 1 | |
| Scroll of Town Portal | 1 | |
4 total
K(L-Breadzorz (
pink | 27 APM | 1202 actions | 43:58)
5 Blademaster
2 Wind Walk
3 Critical Strike
3 Shadow Hunter
2 Healing Wave
1 Hex
» actions
| Assign group hotkey | 16 | |
| Basic commands | 76 | |
| Build / train | 100 | |
| ESC pressed | 2 | |
| Enter build submenu | 31 | |
| Enter hero's abilities submenu | 8 | |
| Give item / drop item | 2 | |
| Right click | 285 | |
| Select / deselect | 329 | |
| Select group hotkey | 123 | |
| Use ability | 230 | |
1202 total
» units
| Peon | 19 | |
| Wind Rider | 3 | |
| Goblin Shredder | 2 | |
| Troll Batrider | 14 | |
| Troll Witch Doctor | 3 | |
| Raider | 2 | |
| Shaman | 2 | |
| Tauren | 4 | |
49 total
» upgrades
| Ranged Weapons | 3 | |
| Armor | 3 | |
| Envenomed Spears | 1 | |
| Reinforced Defenses | 1 | |
| Spiked Barricades | 3 | |
| Liquid Fire | 1 | |
| Shaman Training | 2 | |
| Witch Doctor Training | 2 | |
| Pulverize | 1 | |
| Melee Weapons | 1 | |
| Ensnare | 1 | |
| Pillage | 1 | |
20 total
» buildings
| Orc Burrow | 8 | |
| Altar of Storms | 2 | |
| War Mill | 2 | |
| Voodoo Lounge | 1 | |
| Stronghold | 1 | |
| Great Hall | 7 | |
| Beastiary | 3 | |
| Fortress | 1 | |
| Spirit Lodge | 2 | |
| Tauren Totem | 2 | |
29 total
» build order
00:22 Orc Burrow
00:25 Altar of Storms
00:53 War Mill
01:51 Orc Burrow
01:59 Orc Burrow
02:04 Orc Burrow
02:45 Voodoo Lounge
04:15 Stronghold
05:23 Orc Burrow
06:17 Great Hall
06:46 Beastiary
06:47 Beastiary
06:49 Beastiary
06:56 Fortress
12:46 Great Hall
13:05 Spirit Lodge
13:06 Spirit Lodge
13:19 Orc Burrow
13:21 Orc Burrow
18:44 Great Hall
22:51 Tauren Totem
23:47 Tauren Totem
24:07 War Mill
26:20 Altar of Storms
28:17 Orc Burrow
28:30 Great Hall
30:40 Great Hall
34:14 Great Hall
35:01 Great Hall
» items
| Circlet of Nobility | 1 | |
| Lesser Clarity Potion | 7 | |
| Healing Salve | 3 | |
| Orb of Lightning | 1 | |
| Scroll of Town Portal | 2 | |
| Boots of Speed | 1 | |
| Potion of Healing | 3 | |
18 total
BeAGentleman (
orange | 72 APM | 3636 actions | 50:28)
10 Blood Mage
3 Flame Strike
3 Siphon Mana
1 Summon Phoenix
3 Banish
» actions
| Assign group hotkey | 130 | |
| Basic commands | 153 | |
| Build / train | 130 | |
| Enter build submenu | 46 | |
| Enter hero's abilities submenu | 10 | |
| Give item / drop item | 8 | |
| Remove unit from queue | 13 | |
| Right click | 1493 | |
| Select / deselect | 660 | |
| Select group hotkey | 833 | |
| Use ability | 160 | |
3636 total
» units
| Peasant | 15 | |
| Footman | 7 | |
| Goblin Shredder | 2 | |
| Sorceress | 3 | |
| Goblin Zeppelin | 1 | |
| Dragonhawk Rider | 1 | |
| Green Dragon | 4 | |
| Gryphon Rider | 3 | |
36 total
» upgrades
| Lumber Harvesting | 2 | |
| Masonry | 3 | |
| Sorceress Training | 1 | |
| Magic Sentry | 1 | |
| Swords | 3 | |
| Armor | 3 | |
| Animal War Training | 1 | |
| Cloud | 1 | |
| Storm Hammers | 1 | |
16 total
» buildings
| Altar of Kings | 1 | |
| Barracks | 1 | |
| Farm | 10 | |
| Scout Tower | 35 | |
| Arcane Tower | 8 | |
| Keep | 1 | |
| Town Hall | 3 | |
| Arcane Vault | 1 | |
| Lumber Mill | 1 | |
| Castle | 1 | |
| Guard Tower | 11 | |
| Arcane Sanctum | 1 | |
| Blacksmith | 2 | |
| Gryphon Aviary | 4 | |
80 total
» build order
00:52 Altar of Kings
00:54 Barracks
00:58 Farm
01:05 Farm
01:12 Farm
01:58 Scout Tower
02:21 Farm
02:37 Arcane Tower
02:37 Arcane Tower
02:37 Arcane Tower
02:37 Arcane Tower
03:56 Keep
04:07 Town Hall
04:20 Arcane Vault
04:42 Lumber Mill
05:52 Farm
09:30 Castle
09:42 Scout Tower
09:42 Scout Tower
09:43 Scout Tower
09:44 Scout Tower
09:45 Scout Tower
09:54 Scout Tower
09:54 Scout Tower
09:54 Scout Tower
09:55 Scout Tower
09:57 Scout Tower
09:58 Scout Tower
09:59 Scout Tower
10:09 Scout Tower
10:09 Scout Tower
10:10 Scout Tower
10:10 Scout Tower
10:11 Scout Tower
10:12 Scout Tower
10:12 Scout Tower
10:12 Scout Tower
10:13 Scout Tower
10:31 Guard Tower
10:36 Arcane Sanctum
10:39 Guard Tower
10:44 Guard Tower
10:53 Guard Tower
11:01 Guard Tower
11:36 Guard Tower
12:47 Guard Tower
12:48 Guard Tower
13:32 Blacksmith
13:34 Blacksmith
13:47 Gryphon Aviary
13:47 Gryphon Aviary
13:50 Gryphon Aviary
16:44 Gryphon Aviary
18:53 Farm
19:25 Farm
19:25 Farm
19:59 Farm
20:00 Farm
21:43 Scout Tower
21:43 Scout Tower
21:44 Scout Tower
21:44 Scout Tower
21:48 Town Hall
21:58 Scout Tower
21:59 Scout Tower
21:59 Scout Tower
21:59 Scout Tower
22:00 Scout Tower
22:01 Scout Tower
22:01 Scout Tower
22:02 Scout Tower
22:17 Guard Tower
23:47 Guard Tower
24:13 Guard Tower
27:56 Town Hall
» items
| Scroll of Regeneration | 6 | |
| Boots of Speed | 1 | |
| Potion of Invisibility | 4 | |
| Staff of Teleportation | 2 | |
| Potion of Healing | 5 | |
| Potion of Mana | 1 | |
| Lesser Clarity Potion | 3 | |
| Scroll of Town Portal | 9 | |
31 total
Ghey_Strats (
blue | 23 APM | 690 actions | 30:39)
1 Mountain King
1 Storm Bolt
» actions
| Assign group hotkey | 2 | |
| Basic commands | 7 | |
| Build / train | 48 | |
| Enter build submenu | 27 | |
| Enter hero's abilities submenu | 1 | |
| Remove unit from queue | 1 | |
| Right click | 261 | |
| Select / deselect | 291 | |
| Select group hotkey | 12 | |
| Use ability | 40 | |
690 total
» units
» upgrades
» buildings
| Lumber Mill | 1 | |
| Farm | 3 | |
| Scout Tower | 15 | |
| Guard Tower | 10 | |
| Arcane Tower | 3 | |
| Altar of Kings | 2 | |
| Barracks | 1 | |
| Blacksmith | 2 | |
37 total
» build order
00:14 Lumber Mill
00:45 Farm
01:10 Scout Tower
01:12 Scout Tower
01:16 Scout Tower
01:37 Guard Tower
01:39 Scout Tower
01:43 Scout Tower
01:56 Scout Tower
02:08 Arcane Tower
02:25 Scout Tower
02:27 Scout Tower
02:37 Guard Tower
02:47 Guard Tower
02:47 Guard Tower
02:56 Scout Tower
03:00 Scout Tower
03:14 Guard Tower
03:23 Farm
03:25 Farm
03:30 Arcane Tower
03:30 Arcane Tower
03:54 Guard Tower
05:09 Scout Tower
05:11 Scout Tower
05:13 Scout Tower
05:15 Scout Tower
05:20 Scout Tower
05:41 Guard Tower
05:42 Guard Tower
05:43 Guard Tower
05:46 Altar of Kings
05:51 Barracks
05:53 Guard Tower
06:09 Blacksmith
10:16 Blacksmith
10:25 Altar of Kings
Chat log
(00:33 / All) turncoat-is-rod: i wish u 2 were on same team
(01:00 / Allies) XxWizardFacexX: arch chim
(02:07 / All) turncoat-is-rod: how everyone doing
(02:08 / All) turncoat-is-rod: tonight
(02:20 / All) 0-5000: shitty.
(02:23 / Allies) turncoat-is-rod: blue tower rush
(02:27 / All) 0-5000: not getting lay so I am playing here.
(02:39 / All) MASS_BATS: brb turning on drophack
(03:06 / Allies) turncoat-is-rod: u take?
(03:10 / Allies) MASS_BATS: sure
(03:16 / Allies) turncoat-is-rod: teal help him
(03:20 / Allies) XxWizardFacexX: shit need help
(04:27 / Allies) 0-5000: make protectors
(04:37 / Allies) 0-5000: outside ehre
(04:39 / Allies) turncoat-is-rod: gold plz teal
(05:12 / Allies) 0-5000: don't fight towers
(05:15 / Allies) 0-5000: go to his base instead
(05:20 / Allies) 0-5000: go aroudn and attck his base
(05:22 / Allies) MASS_BATS: sorry this isn't sc2
(06:08 / Allies) turncoat-is-rod: i can use book of death
(06:09 / Allies) turncoat-is-rod: dead
(06:24 / Allies) turncoat-is-rod: come
(06:26 / Allies) turncoat-is-rod: lets ill it
(06:26 / Allies) turncoat-is-rod: come
(06:27 / Allies) 0-5000: go for his base
(07:10 / Allies) XxWizardFacexX: are you expoing teal
(07:20 / Allies) 0-5000: yes
(07:43 / Allies) turncoat-is-rod: gold
(07:59 / Allies) turncoat-is-rod: give wood
(08:00 / Allies) turncoat-is-rod: to purple
(08:17 / Allies) MASS_BATS: meh ill just go get a shredder
(08:18 / Allies) turncoat-is-rod: yellow
(08:20 / Allies) turncoat-is-rod: give wood to purple
(09:43 / Allies) turncoat-is-rod: gold?
(12:24 / Allies) turncoat-is-rod: green is near u
(12:26 / Allies) turncoat-is-rod: teelo
(12:30 / Allies) MASS_BATS: yeah
(12:31 / Allies) MASS_BATS: trying to find him
(13:12 / Allies) turncoat-is-rod: wood
(13:53 / All) Ghey_Strats: teal watch ur min
(13:53 / Allies) turncoat-is-rod: meet
(13:53 / Allies) turncoat-is-rod: guys
(13:54 / Allies) turncoat-is-rod: come
(14:02 / All) Ghey_Strats: main mine
(14:08 / All) Ghey_Strats: about to get owned lol
(14:14 / All) Ghey_Strats: noob lol
(14:16 / All) turncoat-is-rod: u got tked blue?
(14:21 / Allies) turncoat-is-rod: meet
(14:22 / Allies) turncoat-is-rod: guys
(14:22 / Allies) turncoat-is-rod: come
(14:27 / All) Ghey_Strats: teal horrible
(14:55 / Allies) turncoat-is-rod: meet
(14:59 / All) Ghey_Strats: u noobs might lose 3v4 .. sad
(15:09 / All) Ghey_Strats: teakl ur mine again
(15:11 / All) MASS_BATS: red who are we here with again
(15:13 / All) Ghey_Strats: expo
(15:15 / All) MASS_BATS: which colour am I to not attack
(15:17 / All) Ghey_Strats: expo mine incoming
(15:17 / All) BeAGentleman: lawl
(15:29 / All) Ghey_Strats: rofl noob
(15:32 / Allies) turncoat-is-rod: guys come
(15:33 / All) MASS_BATS: oh orange ok
(15:54 / Allies) turncoat-is-rod: ignore orange
(15:55 / Allies) turncoat-is-rod: jesus
(15:57 / Allies) turncoat-is-rod: idiot teal
(16:00 / All) BeAGentleman: :)
(16:08 / All) Ghey_Strats: teal u terrible uninstall lol
(16:17 / Allies) 0-5000: ignore?
(16:18 / All) MASS_BATS: lern 2 spel
(16:22 / Allies) 0-5000: i have 2 gold mines gone
(16:33 / Allies) 0-5000: and i don't have gold to rebuild
(16:46 / Allies) 0-5000: 300 gold please
(16:53 / All) turncoat-is-rod: no teal ur nigger
(17:17 / All) Ghey_Strats: teal main expo
(17:18 / All) MASS_BATS: whats a nigger?
(17:24 / All) turncoat-is-rod: a
(17:44 / All) BeAGentleman: :)
(17:55 / Allies) turncoat-is-rod: fucking yellow
(18:11 / All) Ghey_Strats: they making all aa
(18:13 / Allies) turncoat-is-rod: NO YELLOW
(18:13 / Allies) turncoat-is-rod: NOT ORANGE
(18:34 / Allies) MASS_BATS: why is orange killing my bats
(18:46 / Allies) turncoat-is-rod: YELLOW
(18:48 / Allies) XxWizardFacexX: we need more aa
(18:49 / Allies) turncoat-is-rod: quit running
(18:50 / Allies) turncoat-is-rod: god dammit
(18:51 / Allies) turncoat-is-rod: wow
(18:52 / Allies) XxWizardFacexX: and melee
(19:13 / All) MASS_BATS: orange why are you killing my bats
(19:16 / Allies) 0-5000: give me 400 gold puple
(19:18 / Allies) 0-5000: please
(19:47 / Allies) turncoat-is-rod: tp yellow
(19:52 / All) Ghey_Strats: oj massing hawks
(19:53 / Allies) turncoat-is-rod: TP
(20:06 / Allies) turncoat-is-rod: STAY MAN
(20:07 / All) BeAGentleman: We got a spy amongst us!
(20:11 / All) BeAGentleman: WHO IS THE RAT!
(21:01 / All) Ghey_Strats: u guys blow..losing 3v4
(21:26 / Allies) MASS_BATS: what shall I do red, my bats are useless now
(21:38 / Allies) turncoat-is-rod: raiders i guess
(21:41 / Allies) turncoat-is-rod: yellow is a fucking moron
(21:46 / Allies) MASS_BATS: k
(21:51 / All) Ghey_Strats: oj expoing right side
(22:01 / Allies) MASS_BATS: who is turncoat
(22:02 / Allies) MASS_BATS: orange or blue
(22:42 / Allies) turncoat-is-rod: TEAL
(22:44 / Allies) turncoat-is-rod: TP TO MY BASE
(22:47 / Allies) turncoat-is-rod: QUIT BEING A RETARD
(23:40 / All) BeAGentleman: ?
(23:48 / All) MASS_BATS: still waiting for an answer
(23:51 / All) MASS_BATS: who am I not to attack
(23:54 / All) MASS_BATS: blue or orange
(24:28 / All) Ghey_Strats: expo top middle of map
(24:42 / All) Ghey_Strats: green has no gold kill it
(24:49 / All) turncoat-is-rod: blue
(24:51 / All) turncoat-is-rod: we dont care
(24:52 / All) turncoat-is-rod: nigger
(24:56 / All) Ghey_Strats: pink has 5 k lmao
(24:56 / All) K(L-Breadzorz: lul
(25:04 / All) Ghey_Strats: nubs lose more 3v4
(25:13 / All) Ghey_Strats: oh purple cares alright
(27:02 / All) turncoat-is-rod: dont leave
(28:02 / Allies) XxWizardFacexX: meet and hit
(28:11 / All) turncoat-is-rod: NO
(28:12 / All) turncoat-is-rod: MEET HERE
(28:14 / All) Ghey_Strats: incoming yellow
(28:17 / All) turncoat-is-rod: ignore orange
(28:20 / Allies) XxWizardFacexX: wtf are you doing to my expo dipshit
(28:29 / All) Ghey_Strats: rofl
(28:31 / All) turncoat-is-rod: yellow u fuckign suck ass u dont get to expand anywhere
(28:46 / Allies) XxWizardFacexX: you idiot youre still making wyvs
(28:52 / All) turncoat-is-rod: no im not lawl
(28:53 / All) turncoat-is-rod: faggot
(29:03 / Allies) MASS_BATS: I just still ahve the wyverns left over from before
(29:15 / All) Ghey_Strats: incoming red
(29:20 / Allies) XxWizardFacexX: you lost this game red you silly dipshit
(29:22 / All) Ghey_Strats: pink has tauren caster
(29:23 / Allies) XxWizardFacexX: god you suck
(29:46 / All) XxWizardFacexX: gg. red is too worthless for us to win 3v4.
(29:56 / All) Ghey_Strats: nubs lol
(29:58 / All) Ghey_Strats: hahahaha
(30:08 / All) XxWizardFacexX: he made raiders and wyvs v mas gunpowder, aa, and taur.
(30:35 / All) Ghey_Strats: teal was pretty sad as well lol
(31:02 / All) 0-5000: like I give a shit.
(32:53 / All) turncoat-is-rod: can u faggots plz leave u got raped
(33:18 / All) turncoat-is-rod: the only reason u even opposed a threat was cuz i had to babyshit yellow and teal
(33:20 / All) turncoat-is-rod: and they fed u to high lvl heors
(34:09 / All) turncoat-is-rod: i got his base
(35:48 / Allies) MASS_BATS: need gold for my hero
(36:01 / Allies) MASS_BATS: ty
(36:05 / All) BeAGentleman: stop running bro
(36:15 / All) BeAGentleman: so I can kill you
(36:26 / All) BeAGentleman: because you're an ass and a half
(36:44 / All) BeAGentleman: you insulted my honor
(36:59 / All) BeAGentleman: just yesterday
(37:46 / All) BeAGentleman: gg noob allies
(37:53 / All) BeAGentleman: pink is attacking my hero
(37:56 / All) MASS_BATS: shall we announce the stalemate?
(38:22 / All) BeAGentleman: I hate getting stuck with noobs
(38:27 / All) turncoat-is-rod: this game was frustrating to me , i had to talk to yellow and teal like they were babies
(38:29 / All) turncoat-is-rod: they had no armies
(38:36 / All) K(L-Breadzorz: gg
(38:47 / All) BeAGentleman: "oj sucks his moms tits still"
(38:53 / All) BeAGentleman: talk in all so everyone can hear your wisdom
(38:56 / All) K(L-Breadzorz: we were about to end it
(38:56 / All) MASS_BATS: orange
(38:58 / All) turncoat-is-rod: lawl
(38:59 / All) K(L-Breadzorz: oj bsed
(38:59 / All) 0-5000: cause you faggot won't give me gold to rebuild faggot red
(39:02 / All) MASS_BATS: Does pink have any workers or farms left?
(39:02 / All) turncoat-is-rod: u werent about to end shit pink
(39:08 / All) BeAGentleman: no
(39:08 / All) turncoat-is-rod: pink u lost 2v4 noob
(39:20 / Allies) MASS_BATS: just take out greens farms
(39:22 / Allies) MASS_BATS: not the other buildings
(39:23 / All) K(L-Breadzorz: we only had 2 dumbass
(39:25 / All) MASS_BATS: what about green
(39:26 / All) K(L-Breadzorz: oj didnt do shit
(39:32 / All) K(L-Breadzorz: but cry when blue was bsing
(39:33 / All) turncoat-is-rod: oh teal is still here
(39:36 / All) BeAGentleman: I took out 2 before you could kill two
(39:36 / All) BeAGentleman: lawl
(39:38 / All) K(L-Breadzorz: we had 2 bsers lol
(39:43 / All) turncoat-is-rod: orange took out 2
(39:44 / All) turncoat-is-rod: bases
(39:44 / All) BeAGentleman: I took out teal and yellow
(39:45 / All) turncoat-is-rod: idiot
(39:49 / All) BeAGentleman: you couldn't take out one with two people
(39:52 / Allies) MASS_BATS: ok dont kill those
(39:55 / All) MASS_BATS: orange
(39:59 / All) MASS_BATS: Does green have any workers left
(40:00 / All) MASS_BATS: or farms
(40:04 / All) K(L-Breadzorz: THATS WHY REDS BASE IS GONE ISNT IT????
(40:15 / All) K(L-Breadzorz: please get another game oj
(40:22 / All) MASS_BATS: orange?
(40:24 / All) BeAGentleman: why I like this oen
(40:26 / All) turncoat-is-rod: we can still kill most buildings purple
(40:35 / All) turncoat-is-rod: we'll build a warmill next to each other
(40:38 / All) MASS_BATS: id rather just leave them all up
(40:41 / All) BeAGentleman: I think they're all dead
(40:42 / All) MASS_BATS: just to be safe
(40:49 / All) BeAGentleman: green is 0/0
(40:54 / All) BeAGentleman: pink is 0/0
(40:57 / All) MASS_BATS: does he have any farms up
(40:58 / All) BeAGentleman: stand off?
(40:59 / All) K(L-Breadzorz: wow we got fucked hard lol
(41:04 / All) BeAGentleman: he has no units or food
(41:08 / All) BeAGentleman: neither of them do
(41:09 / All) MASS_BATS: pink too?
(41:11 / All) MASS_BATS: ok cool
(41:14 / All) MASS_BATS: what about blue
(41:19 / All) K(L-Breadzorz: blue left
(41:23 / All) MASS_BATS: all his shit gone?
(41:30 / All) BeAGentleman: yeah he has 666 lumber lol
(41:32 / All) K(L-Breadzorz: hes got the entire northeast
(41:33 / All) MASS_BATS: okay im going to go sacrifice my bats to your toweres now
(41:47 / All) K(L-Breadzorz: you will lose all of them
(41:48 / All) MASS_BATS: actually no ill kill my workers first
(41:53 / All) turncoat-is-rod: yea
(41:55 / All) turncoat-is-rod: standoff
(41:56 / All) K(L-Breadzorz: hes just sitting at his main
(41:58 / All) K(L-Breadzorz: with all air
(42:00 / All) turncoat-is-rod: teal
(42:01 / All) turncoat-is-rod: lawl
(42:06 / All) turncoat-is-rod: oh yea teal is that guy
(42:16 / All) K(L-Breadzorz: hes killing his own base now
(42:20 / All) turncoat-is-rod: teal are u here
(42:26 / All) K(L-Breadzorz: this dumbass had no intension of winning
(42:27 / All) MASS_BATS: im killing my base too pink
(42:47 / All) K(L-Breadzorz: afk
(43:04 / All) turncoat-is-rod: i can't stress enough i had to babysit 2 idiot allies this game, yellow ran everytime he saw a rifle
(43:09 / All) turncoat-is-rod: teal was scared of one hero
(43:21 / All) K(L-Breadzorz: red you sucked nuts shut the fuck up
(43:24 / All) K(L-Breadzorz: carried all the way
(43:30 / All) MASS_BATS: lol hardly
(43:33 / All) MASS_BATS: red was the best
(43:48 / All) K(L-Breadzorz: suck his dick more purple
(43:54 / All) turncoat-is-rod: i only sucked because i thought i had allies behind me and it ended up they ran away
(44:05 / All) BeAGentleman: stay you can win
(44:12 / All) BeAGentleman: We're doing a Mexican Standoff
(44:33 / All) turncoat-is-rod: leave teal's shade
(44:40 / Allies) MASS_BATS: need to kill teals zigs
(45:00 / All) turncoat-is-rod: teal i know u arent afk
(45:00 / Allies) MASS_BATS: leave non farm buildings up
(45:03 / Allies) MASS_BATS: dont waste time killing them
(45:28 / All) MASS_BATS: ok gonna run my bats into your towers
(46:03 / All) MASS_BATS: allright I have 5/10, wheres that last hall or burrow
(46:54 / All) turncoat-is-rod: yes
(47:00 / All) turncoat-is-rod: i thik they both wills tay
(47:12 / All) turncoat-is-rod: turncoat's standoff by himself last night only lasted 30 min
(47:24 / All) MASS_BATS: aw
(47:24 / All) BeAGentleman: yeah the green of that game was a faggot
(47:31 / All) MASS_BATS: ok im 5/0
(47:33 / All) turncoat-is-rod: i matched him earlier today
(47:46 / All) MASS_BATS: orange anything I need to kill or can I kill my BM now
(47:53 / All) BeAGentleman: I'm complete
(47:56 / All) BeAGentleman: 0/0 food
(48:00 / All) MASS_BATS: allright saccing my BM
(48:27 / All) turncoat-is-rod: bm battle teelo
(48:42 / All) BeAGentleman: drop your items jake
(48:45 / All) MASS_BATS: OMG TOWERS ATTACKING ME THATS TOTALLY IMBA
(48:46 / All) BeAGentleman: in the pile
(48:53 / All) BeAGentleman: our sacrifice to the Gods
(49:05 / All) BeAGentleman: I think that does it
(49:07 / All) MASS_BATS: okay adding the guyhs still here to friends
(49:13 / All) turncoat-is-rod: no
(49:13 / All) MASS_BATS: then ill watch their profiles to see how long this goes
(49:18 / All) turncoat-is-rod: we'll just upload
(49:19 / All) turncoat-is-rod: on highperch
(49:26 / All) turncoat-is-rod: kill my peons teelo
(49:35 / Allies) MASS_BATS: yeah yeah
(49:43 / All) turncoat-is-rod: person with best internet connection wins
(49:47 / All) turncoat-is-rod: teal vs green
(49:49 / All) turncoat-is-rod: good luck
(49:51 / All) turncoat-is-rod: gentlemen
(49:51 / All) MASS_BATS: so yeah I've been trying to get pies to do a standoff like this with me
(49:55 / All) MASS_BATS: he always fucks it up though
(50:04 / All) turncoat-is-rod: good work
(50:07 / All) BeAGentleman: All the glitters is not gold
(50:26 / All) BeAGentleman: All that glisters is not gold
(50:43 / All) MASS_BATS: Attn highper.ch: Visit teelosdomain.net where you can spend $10000 for just twenty diablo 3 gold! Special deal today only!